 Dungeon Crawl Stone Soup version 0.23.1 (webtiles) character file.

Game seed: 0

83 night the Caller (level 4, -5/30 HPs)
             Began as a Mummy Summoner on Mar 14, 2019.
             Splashed by Ijyb's acid (10 damage)
             ... on level 3 of the Dungeon.
             The game lasted 00:06:58 (3026 turns).

night the Caller (Mummy Summoner)                   Turns: 3026, Time: 00:06:59

Health: -5/30      AC: -2    Str: 11    XL:     4   Next: 22%
Magic:  9/9        EV: 12    Int: 15    God:
Gold:   152        SH:  0    Dex: 12    Spells: 0/10 levels left

rFire    x . .     SeeInvis .   f - +2 dagger (venom)
rCold    + . .     Gourm    .   (no shield)
rNeg     + + +     Faith    .   a - +0 robe
rPois    ∞         Spirit   .   (no helmet)
rElec    .         Reflect  .   (no cloak)
rCorr    .         Harm     .   (no gloves)
MR       +....                  (no boots)
Stlth    ++........             (no amulet)
HPRegen  0.10/turn              i - ring of protection from magic
MPRegen  0.11/turn              (no ring)

@: corroded
A: no food or potions, fire vulnerability, cold resistance 1, negative energy
resistance 3, torment resistance, unbreathing
a: no special abilities


You were on level 3 of the Dungeon.
You were not hungry.

You visited 1 branch of the dungeon, and saw 3 of its levels.

You collected 152 gold pieces.

Inventory:

Hand Weapons
 b - a +0 mace
 f - a +2 dagger of venom (weapon)
 k - a +2 dagger of speed
Missiles
 g - 70 arrows
Armour
 a - a +0 robe (worn)
 j - a +3 ring mail
Jewellery
 i - a ring of protection from magic (left hand)
Wands
 m - a wand of paralysis (12)
Scrolls
 c - 9 scrolls of identify {unknown}
 d - 4 scrolls of fog {unknown}
 e - 2 scrolls of enchant weapon {unknown}
 h - 3 scrolls of teleportation {unknown}
 l - a scroll of amnesia {unknown}


   Skills:
 - Level 0.1 Fighting
 - Level 0.1 Maces & Flails
 - Level 1.9 Dodging
 - Level 1.7 Stealth
 + Level 3.8 Spellcasting
 + Level 4.0 Summonings


You couldn't memorise any spells.
You knew the following spells:

 Your Spells              Type           Power        Failure   Level  Hunger
a - Summon Small Mammal   Summ           ###.         3%          1    N/A
b - Call Imp              Summ           ###.....     5%          2    N/A
c - Call Canine Familiar  Summ           ###.....     11%         3    N/A
d - Summon Lightning Spi  Summ/Air       #.......     61%         4    N/A

Your spell library contained the following spells:

 Spells                   Type           Power        Failure   Level  Hunger
 Summon Guardian Golem    Hex/Summ       #.......     24%         3    N/A
 Summon Ice Beast         Ice/Summ       #.......     61%         4    N/A

Dungeon Overview and Level Annotations

Branches:
Dungeon (3/15)

Altars:

Annotations:
D:3 Ijyb


Innate Abilities, Weirdness & Mutations

You do not eat or drink.
Your flesh is vulnerable to fire.
You are immune to poison.
Your flesh is cold resistant. (rC+)
You are immune to negative energy. (rN+++)
You are immune to unholy pain and torment.
You can survive without breathing.


Message History

a +0 club; a goblin skeleton
Things that are here:
a +0 leather armour; a +0 flail
Found a stone staircase leading down.
Ijyb the Twisted Goblin comes into view.
She is wielding a +0 dagger, wearing a +2 ring mail of poison resistance and carrying a wand of acid (10).
Ijyb shouts!
Ijyb hits you with a +0 dagger.
You hit Ijyb.
Ijyb is lightly wounded.
Ijyb hits you with a +0 dagger.
You closely miss Ijyb.
Ijyb is lightly wounded.
Ijyb hits you but does no damage.
You barely miss Ijyb.
Ijyb is lightly wounded.
Ijyb zaps a wand.
The bolt of acid hits you!!
Ouch! That really hurt!
* * * LOW HITPOINT WARNING * * *
The acid corrodes you!
You are splashed with acid!
You die...

##.## #.##.###....
##.#.####.#.## ##.##
#.###.......# #).)
#..#.####.#.#####.##
#.#.### #.##.#.#.##
#.#.#.# #[.÷(..)##
#.#..# #.÷###.####
#...## #.)# #...[#
###@.# #..###.##.##
#..g.#.#
#......#....
#....#.#
#..........# #....#
# ####...#...#
.......
#.......)....
####....
........#...# #....
#.##.#.......
#..##... ...####....
. .... ...#


You could see Ijyb.

Vanquished Creatures
  A worm (D:3)
  3 dart slugs
  2 leopard geckos (D:2)
  An orc (D:3)
  3 giant cockroaches
  11 goblins
  3 hobgoblins
  8 bats
  5 frilled lizards
  6 kobolds
  5 rats
48 creatures vanquished.

Vanquished Creatures (collateral kills)
  Robin (D:3)
  A worm (D:2)
  2 orcs (D:3)
  A ball python (D:1)
  A bat (D:1)
  A giant cockroach (D:1)
  7 goblins
  4 jackals (D:1)
  2 frilled lizards
  2 kobolds (D:1)
22 creatures vanquished.

Grand Total: 70 creatures vanquished

Notes
Turn   | Place    | Note
-------+----------+-------------------------------------------
     0 | D:1      | night the Mummy Summoner began the quest for the Orb.
     0 | D:1      | Reached XP level 1. HP: 13/13 MP: 4/4
    65 | D:1      | Reached XP level 2. HP: 4/19 MP: 2/5
   722 | D:1      | Learned a level 2 spell: Call Imp
   906 | D:1      | Reached XP level 3. HP: 17/24 MP: 2/7
  2476 | D:3      | Noticed Robin
  2507 | D:3      | Reached skill level 4 in Summonings
  2514 | D:3      | Reached XP level 4. HP: 8/30 MP: 3/9
  2581 | D:3      | Killed Robin
  2825 | D:2      | Learned a level 3 spell: Call Canine Familiar
  2830 | D:2      | Learned a level 4 spell: Summon Lightning Spire
  3021 | D:3      | Noticed Ijyb
  3026 | D:3      | Splashed by Ijyb's acid

Skill      XL: |  1  2  3 |
---------------+----------+-----
Spellcasting   | 3 |  3.8
Summonings     | 4 |  4.0
Fighting       | |  0.1
Maces & Flails | |  0.1
Dodging        | |  1.9
Stealth        | |  1.7

Action                   |  1- 3 |  4- 6 || total
-------------------------+-------+-------++-------
Melee: Mace              |    57 |       ||    57
       Dagger            |    59 |    11 ||    70
 Cast: Summon Small Mamm |    13 |     3 ||    16
       Call Imp          |     9 |     4 ||    13
 Stab: Sleeping          |     7 |       ||     7
Armor: Robe              |    39 |     1 ||    40
Dodge: Dodged            |    95 |     1 ||    96
